 Dungeon Crawl Stone Soup version 0.23-a0-393-g6e9e0f2070 (webtiles) character file.

5227 PikkenKukken the Grappler (level 10, -7/86 HPs)
             Began as a Red Draconian Transmuter on Oct 31, 2018.
             Was a Follower of Wu Jian.
             Mangled by an orc warrior
             ... wielding a +1 battleaxe of chopping
              (24 damage)
             ... on level 10 of the Dungeon.
             The game lasted 00:29:10 (11484 turns).

PikkenKukken the Grappler (DrTm)                   Turns: 11484, Time: 00:29:10

Health: -7/86      AC:  2    Str: 13    XL:     10   Next: 35%
Magic:  7/15       EV: 25    Int: 16    God:    Wu Jian [*.....]
Gold:   457        SH:  0    Dex: 17    Spells: 6/16 levels left

rFire    . . .     SeeInvis .     - Unarmed
rCold    . . .     Gourm    +   (shield currently unavailable)
rNeg     . . .     Faith    .   (armour unavailable)
rPois    x         Spirit   .   (helmet currently unavailable)
rElec    .         Reflect  .   (cloak currently unavailable)
rCorr    .         Harm     .   (gloves currently unavailable)
MR       .....                  (boots currently unavailable)
Stlth    ++........             r - amulet of the gourmand
HPRegen  0.24/turn              (no ring)
MPRegen  0.14/turn              (no ring)

@: spider-form
A: tiny, (breathe fire), unfitting armour, AC +7
a: End Transformation, Renounce Religion


You were on level 10 of the Dungeon.
You worshipped Wu Jian.
Wu Jian was aware of your devotion.
You were very full.
You were a venomous arachnid creature.
You visited 2 branches of the dungeon, and saw 11 of its levels.

You collected 483 gold pieces.
You spent 26 gold pieces at shops.

Inventory:

Hand Weapons
 b - a +1 hunting sling
Missiles
 a - 144 arrows
 e - 89 sling bullets
Armour
 h - a +0 hat (melded)
 u - a +1 cloak (melded)
Jewellery
 k - an uncursed ring of wizardry {unknown}
 l - a +3 ring of evasion {unknown}
 m - an uncursed ring of flight {unknown}
 q - an uncursed ring of poison resistance {unknown}
 r - an amulet of the gourmand (around neck)
 t - a cursed ring of attention {unknown}
 y - an uncursed amulet of the acrobat {unknown}
 C - an uncursed ring of flight {unknown}
 G - an uncursed ring of protection from cold {unknown}
Wands
 w - a wand of disintegration (10)
 x - a wand of digging (9)
 E - a wand of polymorph (6)
 H - a wand of paralysis (9)
 J - a wand of enslavement (5)
Scrolls
 f - 3 scrolls of amnesia
 g - 2 scrolls of identify
 n - a scroll of fear
 B - a scroll of enchant weapon
 D - a scroll of magic mapping
 K - a scroll of teleportation
Potions
 d - 2 potions of lignification
 i - 4 potions of curing
 j - 2 potions of resistance
 o - a potion of cancellation {unknown}
 p - a potion of magic {unknown}
 s - 4 potions of heal wounds
 v - a potion of flight {unknown}
 z - a potion of might {unknown}
 A - a potion of brilliance {unknown}
 F - a potion of berserk rage {unknown}
Comestibles
 c - 16 rations
 I - a chunk of flesh


   Skills:
 + Level 7.4 Fighting
 + Level 6.3 Dodging
 * Level 9.4 Unarmed Combat
 + Level 3.7 Spellcasting
 + Level 6.9 Transmutations
 + Level 2.6 Ice Magic


You had 6 spell levels left.
You knew the following spells:

 Your Spells              Type           Power        Failure   Level  Hunger
a - Beastly Appendage     Tmut           ####..       5%          1    None
b - Sticks to Snakes      Tmut           ####....     7%          2    ##.....
c - Spider Form           Tmut/Pois      ##........   28%         3    ###....
d - Ice Form              Ice/Tmut       ###.....     45%         4    ####...

Your spell library contained the following spells:

 Spells                   Type           Power        Failure   Level  Hunger
 Blade Hands              Tmut           ####......   50%         5    ######.


Dungeon Overview and Level Annotations

Branches:
Dungeon (10/15)            Temple (1/1) D:5            Lair (0/6) D:8
    Orc: D:9-12

Altars:
Ashenzari
Cheibriados
Dithmenos
Elyvilon
Fedhas
Gozag
Kikubaaqudgha
Makhleb
Nemelex Xobeh
Okawaru
Qazlal
Ru
Sif Muna
Trog
Uskayaw
Vehumet
Wu Jian
Xom
Yredelemnul
Zin
The Shining One

Shops:
D:4 (   D:5 *

Annotations:
D:3 1 runed door
D:6 2 runed doors, aves's ghost, novice DsFi
D:10 Snorg


Innate Abilities, Weirdness & Mutations

((You can breathe blasts of fire.))
((Your fiery red scales are hard. (AC +7)))
You cannot fit into any form of body armour.
((Your flesh is heat resistant. (rF+)))
((You are cold-blooded and may be slowed by cold attacks.))


Message History

Snorg shouts!
You bite Snorg!
Snorg looks as sick as possible!
Snorg is heavily wounded.
Snorg bites you!! Snorg misses you. Snorg completely misses you.
The orc warrior completely misses you.
The orc warrior hits your ball python with a +1 battleaxe of chopping!
Your ball python dies!
Unknown command.
You closely miss Snorg.
Snorg is heavily wounded.
Snorg misses you. Snorg claws you!
* * * LOW HITPOINT WARNING * * *
Snorg closely misses you.
Unknown command.
You spin and attack the orc warrior.
You hit the orc warrior.
The orc warrior is poisoned.
The orc warrior is lightly wounded.
Snorg rages.
The orc warrior hits you with a +1 battleaxe of chopping!!
You die...

#..# ## ##.## ...#
#..# ..?..
######.####
......#####.........#
...T..').##.........#
......##............#
T.... ####To((.....#
.... #.s.(.....# '##
#.........#
#...).....#
####.###### #...#
###'##### #<......#
#.#####.# #.#


You could see Snorg (berserk) and an orc warrior (pinned).

Vanquished Creatures
  3 two-headed ogres
  Prince Ribbit (D:8)
  A hippogriff (D:9)
  Edmund (D:5)
  Menkaure (D:7)
  2 sky beasts (D:9)
  2 black bears
  An orc warrior (D:7)
  4 ogres
  An ice beast (D:6)
  4 centaurs
  A crocodile (D:8)
  2 bullfrogs (D:7)
  A scorpion (D:4)
  2 jellies
  4 wights (D:7)
  3 howler monkeys
  6 crimson imps
  6 hounds
  A bullfrog skeleton (D:4)
  4 orc wizards
  A centaur skeleton (D:4)
  2 orc priests
  3 iguanas
  2 worker ants
  A killer bee zombie (D:4)
  2 hound skeletons (D:4)
  3 gnolls (D:7)
  12 adders
  2 shadow imps
  An ooze (D:1)
  An adder zombie (D:9)
  An adder skeleton (D:8)
  2 worms
  A dart slug (D:3)
  8 leopard geckos
  23 orcs
  A ball python (D:3)
  11 bats
  6 giant cockroaches
  11 goblins
  11 hobgoblins
  9 jackals
  2 quokkas
  8 frilled lizards
  14 kobolds
  A leopard gecko skeleton (D:7)
  11 rats
201 creatures vanquished.

Vanquished Creatures (collateral kills)
  2 ogres
  A big kobold (D:7)
  A bullfrog skeleton (D:3)
  An adder (D:2)
  A leopard gecko (D:7)
  2 hobgoblins
  A frilled lizard (D:3)
  A kobold (D:1)
10 creatures vanquished.

Grand Total: 211 creatures vanquished

Notes
Turn   | Place    | Note
-------+----------+-------------------------------------------
     0 | D:1      | PikkenKukken the Draconian Transmuter began the quest for
                  | the Orb.
     0 | D:1      | Reached XP level 1. HP: 16/16 MP: 3/3
   114 | D:1      | Reached XP level 2. HP: 22/23 MP: 5/5
   118 | D:1      | Learned a level 2 spell: Sticks to Snakes
   538 | D:1      | Reached XP level 3. HP: 28/29 MP: 6/6
  1010 | D:2      | Found an iron altar of Okawaru.
  1130 | D:2      | Reached XP level 4. HP: 34/36 MP: 3/7
  1640 | D:2      | Reached skill level 4 in Unarmed Combat
  2074 | D:2      | Reached XP level 5. HP: 34/42 MP: 5/8
  2151 | D:2      | Found a snail-covered altar of Cheibriados.
  2969 | D:3      | Noticed a green death
  2970 | D:3      | Found a burning altar of Makhleb.
  2973 | D:3      | Found a glowing silver altar of Zin.
  2973 | D:3      | Noticed an angel
  3216 | D:3      | Found a glowing golden altar of the Shining One.
  3221 | D:3      | Found a runed door.
  3221 | D:3      | Noticed an angel
  3521 | D:4      | Found a shadowy altar of Dithmenos.
  3581 | D:3      | Reached XP level 6. HP: 38/51 MP: 1/9
  3742 | D:4      | Reached skill level 5 in Unarmed Combat
  4236 | D:4      | Found Heykar's Weapon Emporium.
  4764 | D:5      | Entered Level 5 of the Dungeon
  4795 | D:5      | Your scales start taking on a fiery red colour.
  4795 | D:5      | Reached XP level 7. HP: 47/58 MP: 3/10
  4795 | D:5      | Gained mutation: Your flesh is heat resistant. (rF+) [Red
                  | Draconian growth]
  4997 | D:5      | Found a sparkling altar of Nemelex Xobeh.
  5087 | D:5      | Noticed Edmund
  5118 | D:5      | Killed Edmund
  5118 | D:5      | Reached skill level 6 in Unarmed Combat
  5370 | D:5      | Found a staircase to the Ecumenical Temple.
  5379 | Temple   | Entered the Ecumenical Temple
  5498 | Temple   | Became a worshipper of the Wu Jian Council
  5661 | D:5      | Found Laj Weloemue's General Store.
  5667 | D:5      | Bought a scroll of identify for 26 gold pieces
  6037 | D:6      | Reached XP level 8. HP: 63/67 MP: 9/11
  6068 | D:6      | Found a sacrificial altar of Ru.
  6081 | D:6      | Found a large runed door.
  6102 | D:6      | Found a large runed door.
  6346 | D:6      | Reached skill level 7 in Unarmed Combat
  6475 | D:6      | Found a shimmering altar of Xom.
  6643 | D:6      | Noticed aves's ghost (novice DsFi)
  6715 | D:6      | Found an ancient bone altar of Kikubaaqudgha.
  6746 | D:6      | Found a deep blue altar of Sif Muna.
  6838 | D:6      | Reached skill level 5 in Fighting
  7063 | D:6      | Learned a level 3 spell: Spider Form
  7247 | D:7      | Reached skill level 5 in Transmutations
  7335 | D:7      | Reached * piety under Wu Jian
  7531 | D:7      | Noticed Menkaure
  7540 | D:7      | Killed Menkaure
  8114 | D:7      | Reached skill level 8 in Unarmed Combat
  8118 | D:7      | Reached skill level 5 in Dodging
  8209 | D:7      | Reached XP level 9. HP: 31/75 MP: 5/12
  8504 | D:8      | Found a staircase to the Lair.
  8956 | D:7      | Learned a level 4 spell: Ice Form
  9308 | D:8      | Found a bloodstained altar of Trog.
  9326 | D:8      | Noticed Prince Ribbit
  9359 | D:8      | Killed Prince Ribbit
  9541 | D:8      | Noticed a two-headed ogre
  9562 | D:8      | Killed a two-headed ogre
  9562 | D:8      | Reached skill level 1 in Ice Magic
  9829 | D:8      | Found a bloodstained altar of Trog.
  9872 | D:9      | Noticed a two-headed ogre
  9899 | D:9      | Killed a two-headed ogre
 10214 | D:9      | Reached skill level 9 in Unarmed Combat
 10275 | D:9      | Reached XP level 10. HP: 61/86 MP: 8/14
 10446 | D:9      | Found a basalt altar of Yredelemnul.
 10672 | D:9      | Noticed a two-headed ogre
 10693 | D:9      | Killed a two-headed ogre
 11302 | D:10     | Entered Level 10 of the Dungeon
 11451 | D:10     | Noticed Snorg
 11484 | D:10     | Mangled by an orc warrior

Vault maps used:
D:1:      psy_arrival_whirlpool, chequers_serial_rivers_micro_a
D:2:      marbit_many_paths, okawaru_ov_weapons_minmay, grunt_ministairs_10,
          st_stairs_11, minmay_door_square, minmay_joined_circles
D:3:      grunt_temple_overflow_order_and_chaos_2, hangedman_decor_peaks_small,
          lemuel_angel_altar
D:4:      overflow_temple_1_default, serial_shops, shop, first_ration
D:5:      nemelex_altar_shiori, minmay_temple_entry_large_hall, serial_shops,
          shop, uniq_edmund
D:6:      nicolae_ru_sacrificial_ziggurat, lemuel_blue_sif_altar,
          nicolae_overflow_hidden_temple, ebering_ghost_disaster_area,
          nrook_loot_triangle
D:7:      uniq_menkaure
D:8:      overflow_temple_1_default, dpeg_oklobed_lair, basic_altar,
          uniq_prince_ribbit1
D:9:      lemuel_doored_altar
D:10:     uniq_snorg, uniq_maurice
Temple:   nicolae_temple_figure_zero

Skill      XL: |  1  2  3  4  5  6  7  8  9 |
---------------+----------------------------+-----
Dodging        | 2 3 4 5 6 |  6.3
Fighting       | 2 3 4 5 7 |  7.4
Unarmed Combat | 4 5 6 8 9 |  9.4
Transmutations | 3 4 5 6 |  6.9
Ice Magic      | 2 |  2.6
Spellcasting   | 3 |  3.7

Action                   |  1- 3 |  4- 6 |  7- 9 | 10-12 || total
-------------------------+-------+-------+-------+-------++-------
Melee: Unarmed           |   139 |   176 |   338 |    78 ||   731
       Headbutt          |     4 |    12 |       |       ||    16
       Kick              |     5 |     8 |     3 |       ||    16
       Tailslap          |    12 |    19 |    42 |     4 ||    77
       Punch             |       |     2 |     8 |     4 ||    14
 Fire: Hunting sling     |    10 |   113 |    35 |     2 ||   160
 Cast: Beastly Appendage |    19 |    17 |     2 |       ||    38
       Sticks to Snakes  |     2 |    23 |    41 |     7 ||    73
       Spider Form       |       |       |     7 |     7 ||    14
Invok: Lunge             |       |       |    18 |     3 ||    21
       Whirlwind         |       |       |     4 |     1 ||     5
 Abil: Breathe Fire      |       |       |     7 |       ||     7
  Use: Scroll            |     7 |     5 |     4 |       ||    16
       Potion            |       |       |     1 |       ||     1
 Stab: Distracted        |       |     1 |     2 |       ||     3
       Sleeping          |       |       |     1 |       ||     1
  Eat: Chunk             |     1 |    13 |    32 |     5 ||    51
Armor: Skin              |    60 |    78 |    66 |    10 ||   214
Dodge: Dodged            |   107 |   135 |   183 |    70 ||   495

Table legend:
 A = Non-vault XP
 B = Vault XP
 C = Vault XP percentage of total XP
 D = Non-vault monster count
 E = Vault monster count
 F = Vault count percentage of total count
                 A         B        C        D         E       F
            +---------+---------+-------+---------+---------+-------
      Total |    6829 |     639 |   8.6 |     193 |      18 |   8.5
            +---------+---------+-------+---------+---------+-------
        D:1 |      57 |       2 |   3.4 |      26 |       2 |   7.1
        D:2 |      92 |      59 |  39.1 |      29 |      13 |  31.0
        D:3 |     163 |       0 |   0.0 |      37 |       0 |   0.0
        D:4 |     296 |       0 |   0.0 |      11 |       0 |   0.0
        D:5 |     539 |     178 |  24.8 |      15 |       1 |   6.2
        D:6 |     554 |       0 |   0.0 |      20 |       0 |   0.0
        D:7 |    1171 |     172 |  12.8 |      26 |       1 |   3.7
        D:8 |     955 |     228 |  19.3 |       9 |       1 |  10.0
        D:9 |    2758 |       0 |   0.0 |      16 |       0 |   0.0
       D:10 |     244 |       0 |   0.0 |       4 |       0 |   0.0
            +---------+---------+-------+---------+---------+-------
